 Dungeon Crawl Stone Soup version 0.26-a0-163-g6c8a0bf695 (webtiles) character file.

Game seed: 18365254053576135313

184 BritishOli the Ducker (level 5, -1/41 HPs)
             Began as a Demonspawn Gladiator on July 3, 2020.
             Killed from afar by Sigmund (3 damage)
             ... with a puff of flame
             ... on level 3 of the Dungeon.
             The game lasted 00:02:18 (2746 turns).

BritishOli the Ducker (Demonspawn Gladiator)        Turns: 2746, Time: 00:02:19

Health: -1/41      AC:  9    Str: 15    XL:     5   Next: 36%
Magic:  5/5        EV: 11    Int: 10    God:
Gold:   143        SH:  0    Dex: 14    Spells: 4/4 levels left

rFire    + . .     SeeInvis .   a - +0 long sword
rCold    x . .     Faith    .   (no shield)
rNeg     . . .     Spirit   .   l - +0 scale mail
rPois    .         Reflect  .   c - +0 helmet
rElec    .         Harm     .   (no cloak)
rCorr    .                      (no gloves)
MR       .....                  (no boots)
Stlth    ..........             (no amulet)
HPRegen  0.13/turn              k - ring of fire
MPRegen  0.09/turn              (no ring)

@: no status effects
A: iridescent scales 1, rot immunity
a: no special abilities


You were on level 3 of the Dungeon.
You were not hungry.

You visited 1 branch of the dungeon, and saw 3 of its levels.

You collected 143 gold pieces.

Inventory:

Hand Weapons
 a - a +0 long sword (weapon)
Missiles
 d - 3 throwing nets (quivered)
Armour
 b - a +0 leather armour
 c - a +0 helmet (worn)
 l - a +0 scale mail (worn)
Jewellery
 k - a ring of fire (left hand)
 s - a cursed -4 ring of intelligence {unknown}
Scrolls
 e - a scroll of immolation {unknown}
 g - 2 scrolls of identify {unknown}
 i - 2 scrolls of remove curse {unknown}
 j - 3 scrolls of teleportation {unknown}
 n - a scroll of enchant weapon {unknown}
 p - a scroll of magic mapping {unknown}
 r - a scroll of fog {unknown}
Potions
 h - 3 potions of curing {unknown}
 m - a potion of haste {unknown}
 q - 2 potions of lignification {unknown}
Comestibles
 f - 4 rations


   Skills:
 + Level 3.0 Fighting
 + Level 3.4 Long Blades
 + Level 2.6 Throwing
 + Level 1.8 Armour
 + Level 3.4 Dodging


You had 4 spell levels left.
You didn't know any spells.
Your spell library was empty.

Dungeon Overview and Level Annotations

Branches:
Dungeon (3/15)

Altars:
Wu Jian

Annotations:
D:3 Sigmund


Innate Abilities, Weirdness & Mutations

You are partially covered in iridescent scales. (AC +2)
You are immune to rotting.


Message History

* * * LOW HITPOINT WARNING * * *
You hit something but do no damage. Something hits you.
* * * LOW HITPOINT WARNING * * *
You hit something.
You hear some strange, mumbled words.
A puff of flame appears from out of thin air!
The puff of flame hits you. You resist.
* * * LOW HITPOINT WARNING * * *
You closely miss something.
You hear some strange, mumbled words.
Something tries to affect you, but you resist.
Something hits you but does no damage.
You closely miss something. You miss something.
Something hits you but does no damage.
You hit something but do no damage. Something hits you but does no damage.
You barely miss something.
You hear some strange, mumbled words.
A puff of flame appears from out of thin air!
The puff of flame hits you. You resist.
You die...

### #.# #.# #.# #{#
##########@###### #####
#...............# ####....
#######.########.###..####.##....
..........#### #...........##....
######..#.....##.##...####.......
######....###.#..................
.................................
###.###.#.###.........#..#.#.))..
# #.#..........#......#..#.#.#<..


There were no monsters in sight!

Vanquished Creatures
  An orc priest (D:3)
  A hound zombie (D:2)
  Robin (D:3)
  4 adders
  2 adder zombies (D:2)
  An adder skeleton (D:2)
  A worm (D:2)
  3 leopard geckos
  4 orcs
  2 bat zombies (D:2)
  3 giant cockroaches (D:2)
  12 hobgoblins
  6 jackals (D:2)
  2 kobolds
  A ball python skeleton (D:2)
  9 bats
  A frilled lizard (D:1)
  A giant cockroach zombie (D:2)
  7 goblins (D:3)
  A jackal skeleton (D:2)
  2 leopard gecko zombies (D:2)
  7 rats
72 creatures vanquished.

Notes
Turn   | Place    | Note
-------+----------+-------------------------------------------
     0 | D:1      | BritishOli the Demonspawn Gladiator began the quest for the
                  | Orb.
     0 | D:1      | Reached XP level 1. HP: 16/16 MP: 1/1
     0 | D:1      | Noticed a gargoyle
    12 | D:1      | Noticed a ghoul
    16 | D:1      | Noticed a human
    19 | D:1      | Noticed a centaur
   164 | D:1      | Gained mutation: You are immune to rotting. [demonic
                  | ancestry]
   164 | D:1      | Reached XP level 2. HP: 22/22 MP: 2/2
   170 | D:1      | Found an ornate altar of the Wu Jian Council.
   652 | D:2      | Reached XP level 3. HP: 15/28 MP: 3/3
   671 | D:2      | HP: 1/28 [hound zombie (3)]
   674 | D:2      | Reached skill level 1 in Armour
  1280 | D:2      | Gained mutation: You are partially covered in iridescent
                  | scales. (AC +2) [demonic ancestry]
  1280 | D:2      | Reached XP level 4. HP: 29/34 MP: 4/4
  2038 | D:3      | Reached XP level 5. HP: 29/40 MP: 5/5
  2226 | D:3      | Noticed Robin
  2264 | D:3      | Killed Robin
  2709 | D:3      | Noticed Sigmund
  2741 | D:3      | HP: 1/41 [something/puff of flame (3)]
  2746 | D:3      | Killed from afar by Sigmund

Illustrated notes

Levels and vault maps discovered:
D:1:      shiori_arrival_whats_in_store_for_you, layout_rooms,
          palyth_stone_intersect, minmay_hexomino_r4
D:2:      layout_basic, serial_undead, serial_undead_e, serial_undead_e,
          serial_undead_e, serial_undead_a, serial_undead_b, serial_undead_a,
          serial_undead_d, serial_undead_f, serial_undead_f, serial_undead_e
D:3:      layout_basic, uniq_jessica, uniq_robin, uniq_sigmund

Skill      XL: |  1  2  3  4  5 |
---------------+----------------+-----
Throwing       | 2 |  2.6
Long Blades    | 3 |  3.4
Armour         | 1 |  1.8
Dodging        | 3 |  3.4
Fighting       | 3 |  3.0

Action                   |  1- 3 |  4- 6 || total
-------------------------+-------+-------++-------
Melee: Long sword        |    94 |   136 ||   230
  Eat: Chunk             |     1 |     5 ||     6
Armor: Leather armour    |    41 |       ||    41
       Scale mail        |       |    87 ||    87
Dodge: Dodged            |   125 |    92 ||   217
       Rpst.: Long sword |    46 |    23 ||    69

Table legend:
 A = Non-vault XP
 B = Vault XP
 C = Vault XP percentage of total XP
 D = Non-vault monster count
 E = Vault monster count
 F = Vault count percentage of total count
                 A         B        C        D         E       F
            +---------+---------+-------+---------+---------+-------
      Total |     176 |      88 |  33.3 |      46 |      26 |  36.1
            +---------+---------+-------+---------+---------+-------
        D:1 |      27 |       6 |  18.2 |      17 |       3 |  15.0
        D:2 |      88 |      46 |  34.3 |      24 |      11 |  31.4
        D:3 |      61 |      36 |  37.1 |       5 |      12 |  70.6
            +---------+---------+-------+---------+---------+-------
